 Dungeon Crawl Stone Soup version 0.30.0-19-g36f170ea60 (webtiles) character file.

Game seed: 17211422001674052101

116119 adizb the Brawler (level 16, -4/142 HPs)
             Began as a Troll Fighter on May 28, 2023.
             Was the Champion of Hepliaklqana.
             Shot with a bolt by a naga sharpshooter (22 damage)
             ... on level 2 of the Snake Pit on May 30, 2023.
             The game lasted 01:44:13 (17781 turns).

adizb the Brawler (Troll Fighter)                  Turns: 17781, Time: 01:44:19

Health: -4/142     AC: 15    Str: 38    XL:     16   Next: 20%
Magic:  22/22      EV: 15    Int:  3    God:    Hepliaklqana [******]
Gold:   1533       SH: 18    Dex:  8    Spells: 15/15 levels left

rFire   . .          .
                       - Unarmed
rCold   . . .        b - +3 kite shield
rNeg    . . .        n - +0 troll leather armour
rPois   .            z - +1 hat
rElec   .            p - +1 cloak of Starlight {*Dazzle EV+4 Stlth--}
rCorr   .            (gloves unavailable)
SInv    .            (boots unavailable)
Will    +++..        r - amulet of reflection Stlth
                     q - ring of willpower
HPRegen 2.03/turn    F - +4 ring of protection
MPRegen 0.18/turn

%: reflection
@: lethally poisoned (-4 -> -5)
A: reduced essence, large, unfitting armour, claws 3, regeneration 1, shaggy fur
1, tough skin 1, strong-willed 1, strong 1, MP-powered wands
a: Renounce Religion, Recall Ancestor, Ancestor Identity, Transference, Idealise


You were on level 2 of the Snake Pit.
You worshipped Hepliaklqana.
Hepliaklqana was exalted by your worship.
You visited 5 branches of the dungeon, and saw 25 of its levels.
You also visited: Sewer.

You collected 2271 gold pieces.
You spent 738 gold pieces at shops.

Inventory:

Missiles
 l - 6 datura-tipped darts (quivered)
 I - a throwing net
Armour
 b - a +3 kite shield (worn)
 k - a +0 robe of the Archmagi
 n - a +0 troll leather armour (worn)
 p - the +1 cloak of Starlight (worn) {*Dazzle EV+4 Stlth--}
   (You acquired it on level 2 of the Dungeon)

   *Dazzle:   It may blind those who miss an attack against the wearer in melee
   combat.
   EV:        It affects your evasion (+4).
   Stlth:     It makes you much less stealthy.
 w - +0 acid dragon scales
 y - a +1 cloak of poison resistance
 z - a +1 hat (worn)
 K - +0 steam dragon scales
Jewellery
 q - a ring of willpower (left claw)
 r - an amulet of reflection (around neck)
 C - a ring of flight
 F - a +4 ring of protection (right claw)
Wands
 g - a wand of charming (12)
 h - a wand of acid (10)
 u - a wand of iceblast (10)
 A - a wand of flame (15)
 D - a wand of polymorph (7)
 J - a wand of mindburst (33)
Scrolls
 a - 4 scrolls of teleportation
 e - 5 scrolls of magic mapping
 m - 3 scrolls of poison
 H - 2 scrolls of fear
 L - 2 scrolls of silence
 O - a scroll of blinking
Potions
 c - 9 potions of might
 d - 5 potions of lignification
 f - 2 potions of attraction
 i - 9 potions of curing
 j - 4 potions of haste
 o - 3 potions of heal wounds
 s - a potion of invisibility
 t - 7 potions of flight
 v - 2 potions of brilliance
 x - 5 potions of mutation
 B - a potion of resistance
 E - a potion of magic
 G - 4 potions of berserk rage
 M - 3 potions of ambrosia
 N - a potion of cancellation
Miscellaneous
 Q - a phial of floods


   Skills:
 + Level 10.1 Fighting
 + Level 9.8 Armour
 + Level 10.1 Dodging
 + Level 11.0 Shields
 * Level 16.1 Unarmed Combat
 + Level 10.2 Invocations


You had 15 spell levels left.
You didn't know any spells.
Your spell library contained the following spells:

 Spells                   Type           Power      Damage    Failure   Level
 Magic Dart               Conj           0%         1d3       67%         1
 Necrotise                Necr           0%         1d4       67%         1
 Sandblast                Erth           0%         2d4       67%         1
 Call Imp                 Summ           0%         N/A       80%         2
 Ensorcelled Hibernation  Hex/Ice        0%         N/A       80%         2
 Passwall                 Tmut/Erth      0%         N/A       80%         2
 Static Discharge         Conj/Air       0%         2-2/arc   80%         2
 Inner Flame              Hex/Fire       0%         N/A       95%         3
 Mephitic Cloud           Conj/Pois/Air  0%         N/A       95%         3
 Ozocubu's Armour         Ice            0%         N/A       95%         3
 Stone Arrow              Conj/Erth      0%         3d7       95%         3
 Swiftness                Air            0%         N/A       95%         3
 Vampiric Draining        Necr           0%         2d6       95%         3
 Airstrike                Air            0%         2d(0-16)  100%        4
 Animate Armour           Summ/Erth      0%         N/A       100%        4
 Leda's Liquefaction      Hex/Erth       0%         N/A       100%        4
 Summon Lightning Spire   Summ/Air       0%         N/A       100%        4
 Agony                    Necr           0%         N/A       100%        5
 Blade Hands              Tmut           0%         N/A       100%        5
 Lee's Rapid Deconstruct  Erth           0%         3d4*      100%        5
 Conjure Ball Lightning   Conj/Air       0%         3x3d6     100%        6
 Iron Shot                Conj/Erth      0%         9d1       100%        6
 Ozocubu's Refrigeration  Ice            0%         4d7       100%        7
 Storm Form               Tmut/Air       0%         N/A       100%        7
 Lehudib's Crystal Spear  Conj/Erth      0%         10d2      100%        8
 Maxwell's Capacitive Co  Air            0%         ∞         100%        8


Dungeon Overview and Level Annotations

Branches:
Dungeon (15/15)            Temple (1/1) D:5            Lair (5/5) D:10
 Shoals (0/4) Lair:2        Snake (2/4) Lair:3        Slime (0/5) Lair:5
    Orc (2/2) D:9             Elf (0/3) Orc:2        Vaults (0/5) D:14
 Depths (0/4) D:15          Sewer (visited)

Altars:
Ashenzari
Cheibriados
Dithmenos
Elyvilon
Fedhas
Gozag
Hepliaklqana
Kikubaaqudgha
Makhleb
Nemelex Xobeh
Okawaru
Qazlal
Ru
Sif Muna
Trog
Uskayaw
Vehumet
Wu Jian
Xom
Yredelemnul
Zin
The Shining One
Jiyva

Shops:
D:2 !?!   Orc:2 :[[*

Annotations:
D:10 1 runed translucent door
Lair:4 2 transporters, croobank's ghost, journeyman DgSu


Innate Abilities, Weirdness & Mutations

Your life essence is reduced to manifest your ancestor. (-10% HP)
You are too large for most types of armour.
You have claws for hands.
Your natural rate of healing is unusually fast.
You are covered in fur. (AC +1)
You have tough skin. (AC +1)
You are strong-willed. (Will+)
Your muscles are strong. (Str +4, Int/Dex -1)
You expend magic power (3 MP) to strengthen your wands.


Message History

Ziomason barely misses the naga warrior.
You barely miss the naga warrior.
The naga warrior is almost dead.
You feel sick.
The salamander hits you from afar with a +0 spear.
* * * LOW HITPOINT WARNING * * *
You are engulfed in flames!
* * * LOW HITPOINT WARNING * * *
You feel sick.
A naga sharpshooter comes into view. It is wielding a +0 flail.
The naga warrior spits poison at you. The splash of poison hits you.
You are more poisoned.
* * * LOW HITPOINT WARNING * * *
Ziomason blocks the salamander's attack.
Ziomason hits the naga warrior with a +0 broad axe of flaming!
Ziomason burns the naga warrior.
The naga warrior dies!
Ziomason closely misses the salamander.
You feel very sick.
Ziomason blocks something's attack.
You feel sick.
You feel sick.
Ziomason hits the salamander with a +0 broad axe of flaming!
The salamander barely misses Ziomason.
You feel sick.
Ziomason blocks the salamander's attack.
Ziomason hits the salamander with a +0 broad axe of flaming!!
You feel sick.
Ziomason blocks the salamander's attack.
You feel sick.
Ziomason hits the salamander with a +0 broad axe of flaming!
The salamander hits Ziomason but does no damage.
You feel sick.
The naga sharpshooter unwields a +0 flail.
The naga sharpshooter wields a +0 arbalest.
The naga sharpshooter mumbles some strange words.
The naga sharpshooter magically shoots a bolt.
The bolt hits you!!
You die...

..#....... ##.......##
..#...... ##....8....##
#....... ##...#####...##
##...... ##...## ##...##
#....... #...#########...#
##......###...###...###...#
.......†'..................
#.....NN#8.....8..<..8.....
#......)R.@..........).....
###.....###...###...###...#
##..#.. #...#########...#
##.#.. ##...## ##...##
...#.. ##...#####...## .. .
.. ##....8....## ..... .#.
##.......## .. ###.<.###
#####


You could see the friendly Ziomason the knight, a naga sharpshooter (strong) and
a salamander (strong, ally target).

Vanquished Creatures
  Jorgrun (Snake:1)
  A stone giant (D:15)
  Nessos (D:12)
  The ghost of unlimited1921 the Thaumaturge, a journeyman DjFE of Yredelemnul (D:10)
  5 hydras
  Erolcha (D:9)
  2 anacondas (Snake:2)
  A centaur warrior (D:15)
  2 two-headed ogres
  8 death yaks
  3 orc high priests (Orc:2)
  7 boulder beetles
  6 tengu warriors
  3 naga warriors
  2 shock serpents
  Amaemon (Lair:1)
  5 skeletal warriors (D:15)
  2 skysharks
  A salamander mystic (Snake:1)
  A naga ritualist (Snake:1)
  3 deep elf pyromancers
  6 orc knights
  4 orc sorcerers (Orc:2)
  Pikel (D:6)
  A mana viper (Snake:1)
  11 salamanders (Snake:1)
  An oklob plant (Lair:4)
  7 cyclopes
  20 ugly things
  5 manticores
  9 black mambas
  4 elephants (Lair:5)
  2 gargoyles
  An orange demon (Lair:1)
  18 cane toads
  8 komodo dragons
  A freezing wraith (D:15)
  3 rime drakes
  2 tengu conjurers (D:13)
  2 yaktaurs (D:14)
  A wind drake (Lair:2)
  4 tyrant leeches
  5 trolls
  3 hornets
  20 blink frogs
  4 polar bears
  9 dream sheep
  15 slime creatures
  A vampire (D:12)
  2 wraiths (D:10)
  A spriggan (shapeshifter) (D:14)
  5 wyverns
  A ynoxinul (D:10)
  39 yaks
  3 basilisks
  Grum (D:9)
  2 steam dragons
  8 vampire mosquitoes
  2 wargs (D:9)
  6 nagas (Snake:1)
  An acid dragon (D:6)
  10 water moccasins
  19 orc warriors
  3 sky beasts
  6 black bears
  3 ogres
  8 wolves
  4 centaurs
  2 phantoms
  Blork the orc (D:4)
  2 kobold brigands
  16 bullfrogs
  7 killer bees
  2 howler monkeys
  An electric eel (Lair:2)
  3 jellies
  4 lava snakes (Snake:1)
  5 hounds
  19 orc priests
  Crazy Yiuf (D:4)
  3 gnoll boudas
  Terence (D:2)
  17 orc wizards
  2 sleepcaps
  An iguana (D:5)
  15 gnolls
  A river rat (D:6)
  6 adders
  2 shadow imps
  2 ufetubi (D:6)
  4 worms
  2 dart slugs
  55 orcs
  11 ball pythons
  3 bats
  7 endoplasms
  10 giant cockroaches
  6 goblins
  5 hobgoblins
  4 quokkas
  9 frilled lizards
  19 kobolds
  5 rats
602 creatures vanquished.

Vanquished Creatures (collateral kills)
  A yaktaur captain (D:14)
  2 hydras
  A death yak (Lair:5)
  A naga warrior (Snake:2)
  A two-headed ogre (D:9)
  A tengu warrior (D:14)
  An oklob plant (Lair:2)
  A wizard (D:14)
  6 ugly things
  A mana viper (Snake:1)
  A wolf spider (D:14)
  2 salamanders (Snake:1)
  3 black mambas (Snake:1)
  2 cane toads
  A guardian serpent (Lair:2)
  A gargoyle (D:14)
  An unseen horror (D:12)
  A rime drake (Lair:3)
  A tengu conjurer (D:14)
  3 komodo dragons
  2 polar bears
  A blink frog (Lair:5)
  3 slime creatures
  A shadow (D:13)
  10 yaks
  4 vampire mosquitoes
  5 water moccasins
  6 orc warriors
  A sky beast (D:8)
  3 black bears
  2 wolves
  3 bullfrogs
  An electric eel (Lair:5)
  3 orc priests
  2 hounds (D:9)
  A gnoll bouda (D:9)
  3 orc wizards
  2 gnolls (D:9)
  13 orcs
  2 kobolds
100 creatures vanquished.

Vanquished Creatures (others)
  An orc priest (Orc:2)
  10 knights
  2 ancestors (D:7)
13 creatures vanquished.

Grand Total: 715 creatures vanquished

Notes
Turn   | Place    | Note
-------+----------+-------------------------------------------
     0 | D:1      | adizb the Troll Fighter began the quest for the Orb.
     0 | D:1      | Reached XP level 1. HP: 22/22 MP: 0/0
   379 | D:1      | Reached XP level 2. HP: 29/29 MP: 1/1
   676 | D:2      | Found Byfuo's Distillery.
   836 | D:2      | Found Daraiq's Distillery.
   852 | D:2      | Bought a potion of curing for 33 gold pieces
   854 | D:2      | Found a snail-covered altar of Cheibriados.
   881 | D:2      | Noticed Terence
   891 | D:2      | Killed Terence
   892 | D:2      | Reached XP level 3. HP: 14/36 MP: 2/2
   952 | D:2      | Reached skill level 1 in Armour
   999 | D:2      | Found Fipleamo's Magic Scroll Emporium.
  1003 | D:2      | Reached skill level 3 in Unarmed Combat
  1084 | D:2      | Reached XP level 4. HP: 43/44 MP: 3/3
  1138 | D:2      | Bought a scroll of identify for 28 gold pieces
  1175 | D:2      | Found a faded altar of an unknown god.
  1892 | D:4      | Noticed a phantom
  1905 | D:4      | Killed a phantom
  1906 | D:4      | Reached XP level 5. HP: 46/52 MP: 4/4
  1945 | D:4      | Found a sparkling altar of Nemelex Xobeh.
  2009 | D:4      | Reached skill level 4 in Unarmed Combat
  2010 | D:4      | Reached XP level 6. HP: 53/61 MP: 5/5
  2207 | D:4      | Noticed Blork the orc
  2213 | D:4      | Killed Blork the orc
  2432 | D:4      | Found a runed translucent door.
  2433 | D:4      | Noticed Crazy Yiuf
  2443 | D:4      | Killed Crazy Yiuf
  2444 | D:4      | Reached XP level 7. HP: 25/67 MP: 6/6
  2498 | D:5      | Entered Level 5 of the Dungeon
  2609 | D:5      | Reached skill level 5 in Unarmed Combat
  2676 | D:5      | Found a staircase to the Ecumenical Temple.
  2686 | Temple   | Entered the Ecumenical Temple
  2745 | Temple   | Became a worshipper of Hepliaklqana the Forgotten
  3241 | D:6      | Found a glowing drain.
  3260 | Sewer    | Entered a sewer
  3680 | D:6      | Reached skill level 1 in Invocations
  3831 | D:6      | Reached XP level 8. HP: 51/78 MP: 7/7
  3891 | D:6      | Noticed Pikel
  3900 | D:6      | Reached skill level 6 in Unarmed Combat
  3912 | D:6      | Killed Pikel
  3971 | D:6      | Reached * piety under Hepliaklqana
  4377 | D:7      | Reached skill level 7 in Unarmed Combat
  4377 | D:7      | Reached XP level 9. HP: 67/76 MP: 9/9
  4389 | D:7      | Reached skill level 5 in Shields
  4995 | D:8      | Reached skill level 5 in Fighting
  4995 | D:8      | Reached skill level 5 in Dodging
  4995 | D:8      | Reached skill level 8 in Unarmed Combat
  5056 | D:8      | Reached ** piety under Hepliaklqana
  5057 | D:8      | Remembered your ancestor Ziomason as a knight
  5077 | D:8      | Reached XP level 10. HP: 86/86 MP: 11/11
  5509 | D:2      | Bought a potion of degeneration for 12 gold pieces
  5509 | D:2      | Bought a potion of curing for 36 gold pieces
  5509 | D:2      | Bought a potion of curing for 36 gold pieces
  5509 | D:2      | Bought a potion of curing for 36 gold pieces
  5539 | D:2      | Bought a potion of heal wounds for 55 gold pieces
  5539 | D:2      | Bought a potion of curing for 33 gold pieces
  5583 | D:2      | Bought a scroll of fear for 56 gold pieces
  5583 | D:2      | Bought a scroll of identify for 28 gold pieces
  5583 | D:2      | Bought a scroll of identify for 28 gold pieces
  5583 | D:2      | Bought a scroll of identify for 28 gold pieces
  5583 | D:2      | Identified a scroll of acquirement
  5586 | D:2      | Gained mutation: You expend magic power (3 MP) to
                  | strengthen your wands. [potion of mutation]
  5586 | D:2      | Gained mutation: Your muscles are strong. (Str +4, Int/Dex
                  | -1) [potion of mutation]
  5586 | D:2      | Gained mutation: You are strong-willed. (Will+) [potion of
                  | mutation]
  5587 | D:2      | Acquired the +1 cloak of Starlight {*Dazzle EV+4 Stlth--}
  5587 | D:2      | Found the +1 cloak of Starlight {*Dazzle EV+4 Stlth--}
  5958 | D:9      | Found a huge runed translucent gate.
  5958 | D:9      | Found a huge runed translucent gate.
  5958 | D:9      | Found a huge runed translucent gate.
  5959 | D:9      | Found a huge runed translucent gate.
  6135 | D:9      | Noticed Erolcha
  6147 | D:9      | Killed Erolcha
  6198 | D:9      | Noticed a two-headed ogre
  6202 | D:9      | Killed a two-headed ogre
  6203 | D:9      | Reached skill level 5 in Armour
  6203 | D:9      | Reached skill level 9 in Unarmed Combat
  6296 | D:9      | Noticed Grum
  6320 | D:9      | Killed Grum
  6371 | D:9      | Found a staircase to the Orcish Mines.
  6452 | D:10     | Entered Level 10 of the Dungeon
  6457 | D:10     | Found a staircase to the Lair.
  6457 | D:10     | Noticed a manticore
  6457 | D:10     | Noticed a gargoyle
  6638 | D:10     | Reached skill level 5 in Invocations
  6638 | D:10     | Reached XP level 11. HP: 70/94 MP: 13/13
  6700 | D:10     | Found a runed translucent door.
  6703 | D:10     | Noticed unlimited1921's ghost (journeyman DjFE)
  6866 | D:10     | Reached *** piety under Hepliaklqana
  6908 | D:10     | Reached skill level 10 in Unarmed Combat
  7221 | D:10     | Noticed a fire giant
  7222 | D:10     | Found a runed translucent door.
  7224 | D:10     | Noticed a fire dragon
  7224 | D:10     | Noticed a wolf spider
  7224 | D:10     | Noticed a deep elf archer
  7224 | D:10     | Noticed a fire giant
  7224 | D:10     | Noticed an orc knight
  7520 | Lair:1   | Entered Level 1 of the Lair of Beasts
  7549 | Lair:1   | Noticed Amaemon
  7561 | Lair:1   | Killed Amaemon
  7680 | Lair:1   | Reached skill level 11 in Unarmed Combat
  7720 | Lair:1   | Reached XP level 12. HP: 103/103 MP: 15/15
  8003 | Lair:1   | Reached **** piety under Hepliaklqana
  8442 | Lair:2   | Found a staircase to the Shoals.
  8497 | Lair:2   | Reached skill level 12 in Unarmed Combat
  8808 | Lair:2   | Noticed a boulder beetle
  8808 | Lair:2   | Noticed a six-headed hydra
  8814 | Lair:2   | Killed a ten-headed hydra
  8818 | Lair:2   | Killed a boulder beetle
  8830 | Lair:2   | Noticed a boulder beetle
  8830 | Lair:2   | Found the +3 pair of seven-league boots {Rampage+∞}
  8863 | Lair:2   | Killed a boulder beetle
  8864 | Lair:2   | Reached XP level 13. HP: 46/113 MP: 17/17
  9257 | Lair:3   | Found a staircase to the Snake Pit.
  9848 | Lair:4   | Found a transporter.
 10027 | Lair:4   | Noticed croobank's ghost (journeyman DgSu)
 10038 | Lair:4   | Found a transporter.
 10229 | Lair:5   | Entered Level 5 of the Lair of Beasts
 10241 | Lair:5   | Reached skill level 13 in Unarmed Combat
 10668 | Lair:5   | Reached ***** piety under Hepliaklqana
 10724 | Lair:5   | Found a viscous altar of Jiyva.
 10727 | Lair:5   | Found a staircase to the Slime Pits.
 10812 | Lair:5   | Reached XP level 14. HP: 69/123 MP: 19/19
 11579 | D:10     | Killed unlimited1921's ghost
 11580 | D:10     | Reached skill level 14 in Unarmed Combat
 11588 | D:10     | Got the Writings on the Caves
 11645 | Orc:1    | Entered Level 1 of the Orcish Mines
 11877 | Orc:2    | Entered Level 2 of the Orcish Mines
 11903 | Orc:2    | Found an iron altar of Okawaru.
 12044 | Orc:2    | Found Bagh's General Store.
 12063 | Orc:2    | Paralysed by an orc sorcerer for 3 turns
 12159 | Orc:2    | Found a staircase to the Elven Halls.
 12531 | Orc:2    | Found Woefug Ozuca's Antique Armour Shop.
 12532 | Orc:2    | Found Caiffush's Book Shoppe.
 12538 | Orc:2    | Found Ycvuorin's Antique Armour Shoppe.
 12590 | Orc:2    | Bought 2 scrolls of identify for 56 gold pieces
 12602 | Orc:2    | Bought an embroidered hat for 273 gold pieces
 13612 | D:12     | Noticed Nessos
 13621 | D:12     | Killed Nessos
 13904 | D:12     | Reached skill level 10 in Shields
 13989 | D:12     | Identified the +6 dagger of Eternal Harmony {spect, rElec
                  | rCorr Int+4 SInv}
 14293 | D:13     | Reached ****** piety under Hepliaklqana
 14366 | D:13     | Found a sparkling altar of Nemelex Xobeh.
 14394 | D:13     | Reached XP level 15. HP: 94/131 MP: 20/20
 15038 | D:14     | Identified the +7 quarterstaff "Undertaker" {heavy, Str+5}
 15042 | D:14     | Got the Parchment of Astrapomancy and the Sun
 15111 | D:14     | Reached skill level 15 in Unarmed Combat
 15679 | D:14     | Found a gate to the Vaults.
 15737 | D:14     | Found a glowing silver altar of Zin.
 15990 | D:15     | Entered Level 15 of the Dungeon
 16535 | D:15     | Found a staircase to the Depths.
 17036 | Snake:1  | Entered Level 1 of the Snake Pit
 17196 | Snake:1  | Reached skill level 10 in Dodging
 17205 | Snake:1  | HP: 5/134 [poisoned by a black mamba]
 17219 | Snake:1  | Reached skill level 10 in Invocations
 17235 | Snake:1  | Reached XP level 16. HP: 56/142 MP: 22/22
 17286 | Snake:1  | Reached skill level 10 in Fighting
 17363 | Snake:1  | Noticed Jorgrun
 17372 | Snake:1  | Killed Jorgrun
 17373 | Snake:1  | Reached skill level 16 in Unarmed Combat
 17781 | Snake:2  | Shot with a bolt by a naga sharpshooter

Illustrated notes

Levels and vault maps discovered:
D:1:      dpeg_arrival_stonehenge_12_columns, layout_basic
D:2:      kennysheep_six_static_rooms, layout_rooms, basic_altar, serial_shops,
          shop, nicolae_shop_industrial_runoff, shop,
          shapermc_ecumenical_altar_totnotflames, uniq_terence
D:3:      layout_rooms, wad_floor_pattern_2, ebering_dispersal_statue_hall
D:4:      layout_basic, nicolae_overflow_crystal_walls,
          chequers_serial_rivers_small_a, uniq_blork_the_orc, uniq_menkaure,
          uniq_crazy_yiuf_cottage
D:5:      layout_loops_cross, minmay_temple_entry_junction
D:6:      layout_basic, portal_sewer_entry_b, uniq_pikel
D:7:      layout_gridville
D:8:      layout_basic, minmay_bent
D:9:      lemuel_bear_cage, layout_basic, david_orc_3, uniq_grum, uniq_erolcha
D:10:     minmay_gate_of_8, layout_loops_ring, erik_lair_orcish_takeover,
          hellmonk_ghost_big_iron
D:11:     layout_roguey
D:12:     kennysheep_spiral_hall, layout_irregular_city, fungi_pond_lemuel,
          bh_walls_and_bars, uniq_nessos
D:13:     layout_grid_maze, nemelex_spade_bored_becter
D:14:     cheibrodos_elevator_heist, layout_gridville, david_vaults_2,
          hangedman_glass_teeth, zin_angel
D:15:     grunt_enter_depths_snipers, layout_irregular_city
Temple:   compressed_dpeg_circular_temple
Lair:1:   layout_chaotic_city, uniq_amaemon
Lair:2:   layout_cave_pods, minmay_shoals_entry_beasts,
          hellmonk_guarded_unrand_seven_league_boots, infiniplex_staircase_pool
Lair:3:   layout_regular_city, dummy_snake_entry, amcnicky_mini_pool_medium,
          lemuel_fruit_tree
Lair:4:   layout_regular_city, gammafunk_ghost_berserking_beasts,
          grunt_megastairs_2
Lair:5:   minmay_lair_end_frog_pond, layout_regular_city,
          minmay_slime_entry_pillars, wad_woods_road_01
Snake:1:  layout_onion_interference, nicolae_snake_salamander_zone, uniq_jorgrun
Snake:2:  layout_chambers, grunt_megastairs_5
Orc:1:    layout_caves
Orc:2:    st_orc_elflike, layout_diamond_mine, okawaru_metal_pillars_3

Skill      XL: |  1  2  3  4  5  6  7  8  9 10 11 12 13 14 15 16 |
---------------+-------------------------------------------------+-----
Shields        | 3 4 5 6 7 8 9 10 11 | 11.0
Armour         | 1 2 3 4 5 6 7 8 9 |  9.8
Unarmed Combat | 3 4 5 7 8 9 11 12 13 14 15 16 | 16.1
Dodging        | 3 4 5 6 7 8 9 10 | 10.1
Fighting       | 3 4 5 6 7 8 9 10 | 10.1
Invocations    | 1 2 3 5 6 7 8 9 10 | 10.2

Action                     |  1- 3 |  4- 6 |  7- 9 | 10-12 | 13-15 | 16-18 || total
---------------------------+-------+-------+-------+-------+-------+-------++-------
  Melee: Unarmed           |    61 |   176 |   365 |   530 |  1037 |    87 ||  2256
 Invoke: Ancestor Identity |       |       |     1 |       |       |       ||     1
         Ancestor Life: Kn |       |       |     1 |       |       |       ||     1
         Idealise          |       |       |       |       |     3 |       ||     3
  Evoke: Wand              |       |       |       |       |     1 |       ||     1
    Use: Scroll            |       |     4 |     8 |     9 |    20 |       ||    41
         Potion            |       |       |       |     1 |    10 |       ||    11
   Stab: Sleeping          |     1 |       |       |       |       |       ||     1
         Distracted        |       |       |     1 |     2 |     7 |       ||    10
         Invisible         |       |       |       |     8 |    11 |       ||    19
 Armour: Robe              |    14 |    46 |    46 |       |       |       ||   106
         Acid dragon scale |       |       |    92 |   196 |   220 |       ||   508
         Skin              |       |       |     2 |       |       |       ||     2
         Troll leather arm |       |       |       |       |    34 |    15 ||    49
  Dodge: Dodged            |    17 |    47 |   113 |   303 |   401 |    29 ||   910
  Block: Kite shield       |    13 |    59 |   179 |   398 |   724 |    64 ||  1437
         Reflection        |       |       |     5 |     7 |    28 |     2 ||    42
